 Dungeon Crawl Stone Soup version 0.26-a0-259-g1effd001a9 (webtiles) character file.

Game seed: 3972136530805656720

1426 BattleRest the Charmwright (level 8, -1/64 HPs)
             Began as a Gnoll Skald on July 12, 2020.
             Was a Believer of Makhleb.
             Slain by an unseen horror (6 damage)
             ... on level 7 of the Dungeon on July 14, 2020.
             The game lasted 00:25:30 (7950 turns).

BattleRest the Charmwright (Gnoll Skald)            Turns: 7950, Time: 00:25:30

Health: -1/64      AC:  9    Str: 19    XL:     8   Next: 72%
Magic:  17/17      EV: 14    Int: 20    God:    Makhleb [**....]
Gold:   329        SH:  5    Dex: 15    Spells: 8/19 levels left

rFire    . . .     SeeInvis .   a - +0 mace
rCold    . . .     Faith    .   k - +0 buckler of the Eagle {Regen+ Int+2}
rNeg     . . .     Spirit   .   r - +1 ring mail "Juipeab" {-Tele MR+ Str+4 Int+2} (curse)
rPois    .         Reflect  .   o - +1 helmet
rElec    .         Harm     .   (no cloak)
rCorr    +         NoTele   +   (no gloves)
MR       +....                  (no boots)
Stlth    ++........             t - amulet of magic regeneration
HPRegen  0.60/turn              s - ring of resist corrosion
MPRegen  0.40/turn              (no ring)

@: infused
A: distributed training, fangs 1, strong nose
a: Minor Destruction, Renounce Religion


You were on level 7 of the Dungeon.
You worshipped Makhleb.
Makhleb was pleased with you.
You were not hungry.

You visited 1 branch of the dungeon, and saw 7 of its levels.

You collected 329 gold pieces.

Inventory:

Hand Weapons
 a - a +0 mace (weapon)
Armour
 k - the +0 buckler of the Eagle (worn) {Regen+ Int+2}
   (You found it on level 5 of the Dungeon)

   It affects your intelligence (+2).
   It increases your rate of regeneration.
 o - a +1 helmet (worn)
 r - the cursed +1 ring mail "Juipeab" (worn) {-Tele MR+ Str+4 Int+2}
   (You found it on level 5 of the Dungeon)

   It affects your strength (+4).
   It affects your intelligence (+2).
   It affects your resistance to hostile enchantments.
   It prevents most forms of teleportation.
   It has a curse placed upon it.
Jewellery
 s - a ring of resist corrosion (left hand)
 t - an amulet of magic regeneration (around neck)
Wands
 q - a wand of clouds (4)
Scrolls
 c - a scroll of enchant weapon {unknown}
 e - 2 scrolls of fog
 f - a scroll of immolation {unknown}
 i - 6 scrolls of remove curse
 m - 2 scrolls of amnesia
 n - a scroll of fear {unknown}
 p - a scroll of enchant armour {unknown}
Potions
 b - a potion of flight {unknown}
 g - a potion of cancellation
 h - a potion of brilliance
 j - a potion of lignification {unknown}
 l - 3 potions of mutation
Comestibles
 d - 13 rations


   Skills:
 + Level 5.8 Fighting
 + Level 3.4 Short Blades
 + Level 3.4 Long Blades
 + Level 3.4 Axes
 + Level 5.8 Maces & Flails
 + Level 3.4 Polearms
 + Level 3.4 Staves
 + Level 3.4 Slings
 + Level 3.4 Bows
 + Level 3.4 Crossbows
 + Level 3.4 Throwing
 + Level 4.3 Armour
 + Level 5.8 Dodging
 + Level 3.4 Stealth
 + Level 3.4 Shields
 + Level 3.4 Unarmed Combat
 + Level 6.1 Spellcasting
 + Level 2.8 Conjurations
 + Level 2.8 Hexes
 + Level 6.2 Charms
 + Level 2.8 Summonings
 + Level 2.8 Necromancy
 + Level 2.8 Translocations
 + Level 2.8 Transmutations
 + Level 2.8 Fire Magic
 + Level 2.8 Ice Magic
 + Level 2.8 Air Magic
 + Level 2.8 Earth Magic
 + Level 2.8 Poison Magic
 + Level 3.8 Invocations
 + Level 3.4 Evocations


You had 8 spell levels left.
You knew the following spells:

 Your Spells              Type           Power        Failure   Level
a - Infusion              Chrm           ####         1%          1
b - Song of Slaying       Chrm           ####....     2%          2
c - Shroud of Golubria    Chrm/Tloc      ###...       4%          2
d - Ozocubu's Armour      Chrm/Ice       ###.....     9%          3
e - Spectral Weapon       Hex/Chrm       ###.....     9%          3

Your spell library contained the following spells:

 Spells                   Type           Power        Failure   Level
 Confusing Touch          Hex            ###.....     17%         3
 Gell's Gravitas          Tloc           ###.......   17%         3
 Petrify                  Tmut/Erth      ###.....     50%         4
 Metabolic Englaciation   Hex/Ice        ###.......   85%         5
 Yara's Violent Unravell  Hex/Tmut       ###.......   85%         5


Dungeon Overview and Level Annotations

Branches:
Dungeon (8/15)
 Temple: D:4-7         Lair: D:8-11

Altars:
Ashenzari
Makhleb
Okawaru

Shops:
D:4 *


Innate Abilities, Weirdness & Mutations

Your experience applies equally to all skills.
You have very sharp teeth.
Your uncanny sense of smell can sniff out nearby items.


Message History

Something hits you.
* * * LOW HITPOINT WARNING * * *
Something hits you but does no damage. Something hits you.
* * * LOW HITPOINT WARNING * * *
A puff of frost appears from out of thin air!
The puff of frost hits you.
* * * LOW HITPOINT WARNING * * *
Something hits you.
* * * LOW HITPOINT WARNING * * *
Something barely misses you. Something hits you.
* * * LOW HITPOINT WARNING * * *
You block something's attack.
A puff of flame appears from out of thin air!
The puff of flame hits something!
Something hits you.
* * * LOW HITPOINT WARNING * * *
Something barely misses you. Something hits you but does no damage.
Something hits you.
You die...

.# ##. #.....# ..# #..
#...### #.#
##.#####...#### ##.
##....†../......
#..##.......#...#.##
#(#......(..#####.#
#.#.......### #
#..>.#..#.##
#..@.......#
#...{......## ..
##...###....... ...
##..{.#.#....#...
....#...###.###..#...
.......{#..:..#..##..
........###.###......
#.....#.o..#.'...#....
#..)..#....###.....#


You could see an orc wizard.

Vanquished Creatures
  A sky beast (D:8)
  An orc warrior (D:8)
  An eye of draining (D:8)
  A black bear (D:7)
  2 ogres (D:4)
  3 hounds
  A bullfrog zombie (D:5)
  2 centaur skeletons
  4 orc priests
  An iguana (D:5)
  A jelly (D:8)
  5 orc wizards
  3 worker ants
  2 hound skeletons
  Robin (D:3)
  4 adders
  11 gnolls
  A howler monkey skeleton (D:7)
  2 white imps
  3 oozes (D:1)
  An adder skeleton (D:5)
  4 worms
  A dart slug (D:1)
  3 leopard geckos
  16 orcs
  4 bats
  6 giant cockroaches
  16 goblins
  12 hobgoblins
  6 jackals
  2 quokkas
  2 ball pythons
  3 frilled lizards
  7 kobolds
  8 rats
141 creatures vanquished.

Vanquished Creatures (others)
  2 spectral weapons (D:8)
2 creatures vanquished.

Grand Total: 143 creatures vanquished

Notes
Turn   | Place    | Note
-------+----------+-------------------------------------------
     0 | D:1      | BattleRest the Gnoll Skald began the quest for the Orb.
     0 | D:1      | Reached XP level 1. HP: 20/20 MP: 6/6
   121 | D:1      | Reached XP level 2. HP: 26/26 MP: 4/7
   609 | D:1      | Reached skill level 5 in Spellcasting
   609 | D:1      | Reached XP level 3. HP: 27/31 MP: 7/9
  1333 | D:2      | Found a burning altar of Makhleb.
  1381 | D:2      | Reached skill level 1 in Invocations
  1839 | D:2      | Reached skill level 1 in Short Blades
  1839 | D:2      | Reached skill level 1 in Long Blades
  1839 | D:2      | Reached skill level 1 in Axes
  1839 | D:2      | Reached skill level 1 in Polearms
  1839 | D:2      | Reached skill level 1 in Staves
  1839 | D:2      | Reached skill level 1 in Slings
  1839 | D:2      | Reached skill level 1 in Bows
  1839 | D:2      | Reached skill level 1 in Crossbows
  1839 | D:2      | Reached skill level 1 in Throwing
  1839 | D:2      | Reached skill level 1 in Stealth
  1839 | D:2      | Reached skill level 1 in Shields
  1839 | D:2      | Reached skill level 1 in Unarmed Combat
  1839 | D:2      | Reached skill level 1 in Evocations
  1866 | D:2      | Learned a level 2 spell: Song of Slaying
  1978 | D:2      | Became a worshipper of Makhleb the Destroyer
  2142 | D:2      | Found a faded altar of an unknown god.
  2253 | D:2      | Reached XP level 4. HP: 38/38 MP: 4/11
  2497 | D:3      | Learned a level 2 spell: Shroud of Golubria
  2501 | D:3      | Learned a level 3 spell: Ozocubu's Armour
  2505 | D:3      | Learned a level 3 spell: Spectral Weapon
  2875 | D:3      | Reached skill level 1 in Conjurations
  2875 | D:3      | Reached skill level 1 in Hexes
  2875 | D:3      | Reached skill level 1 in Summonings
  2875 | D:3      | Reached skill level 1 in Necromancy
  2875 | D:3      | Reached skill level 1 in Translocations
  2875 | D:3      | Reached skill level 1 in Transmutations
  2875 | D:3      | Reached skill level 1 in Fire Magic
  2875 | D:3      | Reached skill level 1 in Ice Magic
  2875 | D:3      | Reached skill level 1 in Air Magic
  2875 | D:3      | Reached skill level 1 in Earth Magic
  2875 | D:3      | Reached skill level 1 in Poison Magic
  2884 | D:3      | Reached XP level 5. HP: 22/43 MP: 3/12
  3102 | D:3      | Found a shattered altar of Ashenzari.
  3107 | D:3      | Noticed Robin
  3156 | D:3      | Killed Robin
  3159 | D:3      | Reached * piety under Makhleb
  3861 | D:4      | Noticed an ogre
  3869 | D:4      | Killed an ogre
  3869 | D:4      | Reached XP level 6. HP: 39/50 MP: 8/13
  4252 | D:4      | Found Imoism's General Store.
  4276 | D:4      | Reached skill level 5 in Fighting
  4276 | D:4      | Reached skill level 5 in Maces & Flails
  4276 | D:4      | Reached skill level 5 in Dodging
  4338 | D:4      | Found an iron altar of Okawaru.
  4751 | D:4      | Reached XP level 7. HP: 30/56 MP: 7/15
  5104 | D:5      | Entered Level 5 of the Dungeon
  5130 | D:5      | Got a fine ring mail
  5141 | D:5      | Identified the cursed +1 ring mail "Juipeab" {-Tele MR+
                  | Str+4 Int+2} (You found it on level 5 of the Dungeon)
  5425 | D:5      | Reached ** piety under Makhleb
  6251 | D:5      | Got a brightly glowing buckler
  6257 | D:5      | Identified the +0 buckler of the Eagle {Regen+ Int+2} (You
                  | found it on level 5 of the Dungeon)
  6498 | D:5      | You fall into a shaft and drop 3 floors!
  6825 | D:8      | Reached XP level 8. HP: 32/63 MP: 16/16
  7950 | D:7      | Slain by an unseen horror

Illustrated notes

Levels and vault maps discovered:
D:1:      evilmike_arrival_plus, layout_loops_corners
D:2:      layout_basic, lemuel_crystal_altar,
          chequers_ecumenical_altar_simple_redux, grunt_ministairs_10
D:3:      layout_basic, evilmike_ruin_ashenzari, uniq_robin
D:4:      layout_loops_corners, okawaru_gym_becter, serial_shops, shop_statue,
          serial_forest, infiniplex_forest_clump_double,
          infiniplex_forest_clump_small, infiniplex_forest_clump_medium,
          infiniplex_forest_clump_diagonal, infiniplex_forest_straight_2,
          infiniplex_forest_lined_1, infiniplex_forest_corner_1,
          infiniplex_forest_clump_tiny, infiniplex_forest_end_2,
          infiniplex_forest_lined_2, first_ration
D:5:      layout_basic, corexii_leaking_fountain, chequers_serial_rivers_small_a
D:7:      layout_rooms, amethyst_overflow_temple_binary,
          minmay_a_box_with_orc_wizards_in_it
D:8:      layout_basic, serial_glass, glass_columns_b, glass_columns_c

Skill      XL: |  1  2  3  4  5  6  7  8 |
---------------+-------------------------+-----
Spellcasting   | 5 6 |  6.1
Invocations    | 1 2 3 |  3.8
Short Blades   | 1 2 3 |  3.4
Long Blades    | 1 2 3 |  3.4
Axes           | 1 2 3 |  3.4
Polearms       | 1 2 3 |  3.4
Staves         | 1 2 3 |  3.4
Slings         | 1 2 3 |  3.4
Bows           | 1 2 3 |  3.4
Crossbows      | 1 2 3 |  3.4
Throwing       | 1 2 3 |  3.4
Stealth        | 1 2 3 |  3.4
Shields        | 1 2 3 |  3.4
Unarmed Combat | 1 2 3 |  3.4
Evocations     | 1 2 3 |  3.4
Conjurations   | 1 2 |  2.8
Hexes          | 1 2 |  2.8
Summonings     | 1 2 |  2.8
Necromancy     | 1 2 |  2.8
Translocations | 1 2 |  2.8
Transmutations | 1 2 |  2.8
Fire Magic     | 1 2 |  2.8
Ice Magic      | 1 2 |  2.8
Air Magic      | 1 2 |  2.8
Earth Magic    | 1 2 |  2.8
Poison Magic   | 1 2 |  2.8
Armour         | 3 4 |  4.3
Fighting       | 5 |  5.8
Maces & Flails | 5 |  5.8
Dodging        | 5 |  5.8
Charms         | 6 |  6.2

Action                   |  1- 3 |  4- 6 |  7- 9 || total
-------------------------+-------+-------+-------++-------
Melee: Mace              |   102 |   151 |   261 ||   514
       Bite              |    11 |    14 |    35 ||    60
       Punch             |       |       |     2 ||     2
 Cast: Infusion          |     6 |     8 |     8 ||    22
       Song of Slaying   |     1 |     4 |     3 ||     8
       Spectral Weapon   |       |       |     3 ||     3
Invok: Minor Destruction |       |       |     1 ||     1
  Use: Scroll            |     4 |     2 |     4 ||    10
 Stab: Sleeping          |       |     3 |     1 ||     4
  Eat: Ration            |     1 |     3 |     3 ||     7
Armor: Leather armour    |    14 |    16 |       ||    30
       Scale mail        |       |    20 |     3 ||    23
       Ring mail         |       |       |    85 ||    85
Dodge: Dodged            |    85 |   122 |   187 ||   394
Block: Buckler           |       |       |    36 ||    36

Table legend:
 A = Non-vault XP
 B = Vault XP
 C = Vault XP percentage of total XP
 D = Non-vault monster count
 E = Vault monster count
 F = Vault count percentage of total count
                 A         B        C        D         E       F
            +---------+---------+-------+---------+---------+-------
      Total |    1998 |      40 |   2.0 |     126 |      15 |  10.6
            +---------+---------+-------+---------+---------+-------
        D:1 |      53 |       0 |   0.0 |      21 |       0 |   0.0
        D:2 |      35 |       2 |   5.4 |      18 |       2 |  10.0
        D:3 |     115 |      38 |  24.8 |      23 |      13 |  36.1
        D:4 |     443 |       0 |   0.0 |      18 |       0 |   0.0
        D:5 |     426 |       0 |   0.0 |      21 |       0 |   0.0
        D:7 |     147 |       0 |   0.0 |       5 |       0 |   0.0
        D:8 |     779 |       0 |   0.0 |      20 |       0 |   0.0
            +---------+---------+-------+---------+---------+-------
